 Dungeon Crawl Stone Soup version 0.29.1-4-g47bece8355 (webtiles) character file.

Game seed: 5932131095806469885

732 sanboga the Ducker (level 7, -1/60 HPs)
             Began as a Gnoll Monk on Dec 4, 2022.
             Slain by a scorpion (3 damage)
             ... on level 5 of the Dungeon.
             The game lasted 00:05:38 (5486 turns).

sanboga the Ducker (Gnoll Monk)                     Turns: 5486, Time: 00:05:39

Health: -1/60      AC:  4    Str: 12    XL:     7   Next: 73%
Magic:  11/11      EV: 16    Int: 20    God:
Gold:   165        SH:  5    Dex: 19    Spells: 11/11 levels left

rFire   . . .      SeeInvis .   w - +2 flail (freeze)
rCold   . . .      Faith    .   (no shield)
rNeg    . . .      Spirit   .   b - +0 robe
rPois   +          Reflect  +   y - +1 helmet
rElec   .          Harm     .   (no cloak)
rCorr   .          Rampage  .   (no gloves)
Will    +....                   (no boots)
Stlth   +++.......              B - amulet of Jarokh {Reflect rPois Int+5 Dex+4 Slay-2 SH+5}
HPRegen 0.20/turn               i - +6 ring of intelligence
MPRegen 0.12/turn               j - ring of willpower

@: marked
A: fangs 1, strong nose, distributed training
a: no special abilities


You were on level 5 of the Dungeon.
You visited 1 branch of the dungeon, and saw 5 of its levels.

You collected 321 gold pieces.
You spent 156 gold pieces at shops.

Inventory:

Hand Weapons
 w - a +2 flail of freezing (weapon)
Armour
 b - a +0 robe (worn)
 y - a +1 helmet (worn)
Jewellery
 i - a +6 ring of intelligence (left hand)
 j - a ring of willpower (right hand)
 B - the amulet of Jarokh (around neck) {Reflect rPois Int+5 Dex+4 Slay-2 SH+5}
   (You found it on level 5 of the Dungeon)

   [amulet of reflection]

   It reflects blocked missile attacks.
   Int:       It affects your intelligence (+5).
   Dex:       It affects your dexterity (+4).
   Slay:      It affects your accuracy & damage with ranged weapons and melee
   (-2).
   rPois:     It protects you from poison.
   SH:        It affects your SH (+5).
Wands
 x - a wand of flame (14)
Scrolls
 f - a scroll of noise
 h - a scroll of torment
 k - 3 scrolls of identify
 m - a scroll of summoning {unknown}
 q - a scroll of enchant weapon {unknown}
 r - a scroll of immolation {unknown}
 u - a scroll of silence {unknown}
 v - a scroll of magic mapping {unknown}
Potions
 c - a potion of ambrosia
 d - a potion of haste {unknown}
 e - 3 potions of curing {unknown}
 g - a potion of invisibility {unknown}
 l - a potion of flight {unknown}
 o - 2 potions of brilliance {unknown}
 s - a potion of degeneration {unknown}
 t - a potion of might {unknown}
 z - a potion of berserk rage {unknown}
 A - a potion of lignification {unknown}


   Skills:
 + Level 7.1 Fighting
 + Level 2.8 Short Blades
 + Level 2.8 Long Blades
 + Level 2.8 Axes
 + Level 7.1 Maces & Flails
 + Level 2.8 Polearms
 + Level 2.8 Staves
 + Level 2.8 Ranged Weapons
 + Level 2.8 Throwing
 + Level 2.8 Armour
 + Level 7.1 Dodging
 + Level 5.1 Stealth
 + Level 2.8 Shields
 + Level 2.8 Unarmed Combat
 + Level 2.8 Spellcasting
 + Level 2.2 Conjurations
 + Level 2.2 Hexes
 + Level 2.2 Summonings
 + Level 2.2 Necromancy
 + Level 2.2 Translocations
 + Level 2.2 Transmutations
 + Level 2.2 Fire Magic
 + Level 2.2 Ice Magic
 + Level 2.2 Air Magic
 + Level 2.2 Earth Magic
 + Level 2.2 Poison Magic
 + Level 3.1 Invocations
 + Level 2.8 Evocations


You had 11 spell levels left.
You didn't know any spells.
Your spell library contained the following spells:

 Spells                   Type           Power      Damage    Failure   Level
 Poisonous Vapours        Pois/Air       22%        N/A       9%          2
 Frozen Ramparts          Ice            22%        1d4       17%         3
 Corpse Rot               Necr/Pois/Air  11%        N/A       50%         4
 Ice Form                 Ice/Tmut       11%        N/A       50%         4
 Summon Ice Beast         Ice/Summ       11%        N/A       50%         4


Dungeon Overview and Level Annotations

Branches:
Dungeon (5/15)
 Temple: D:4-7

Altars:
Yredelemnul

Shops:
D:4 (


Innate Abilities, Weirdness & Mutations

You have very sharp teeth.
Your uncanny sense of smell can sniff out nearby items.
Your experience applies equally to all skills.


Message History

Your body is wracked with pain!
* * * LOW HITPOINT WARNING * * *
The scorpion convulses!
The iguana convulses!
The ice beast convulses!
The jelly convulses!
It was a scroll of torment.
The white imp gestures at you. The puff of frost hits you.
* * * LOW HITPOINT WARNING * * *
The scorpion completely misses you.
As you read the scroll labelled ACANUB GUIBB, it crumbles to dust.
It is a scroll of identify.
n - a scroll of blinking The white imp grinds its teeth.
The white imp gestures at you. The puff of frost hits you.
* * * LOW HITPOINT WARNING * * *
You block the scorpion's attack.
Blink to where?
Press: ? - help, Dir - move target
As you read the scroll of blinking, it crumbles to dust.
As you read the scroll labelled GUOC NIZOQEKU, it crumbles to dust.
It is a scroll of enchant armour.
Your +0 helmet glows green for a moment.
As you read the scroll labelled QUEPIPN NUSH, it crumbles to dust.
You hear a loud clanging noise!
It was a scroll of noise.
As you read the scroll labelled IFIKHO YZOMIR, it crumbles to dust.
It is a scroll of brand weapon.
Your +2 flail of protection is covered with a thin layer of ice!
w - a +2 flail of freezing (weapon)
Okay, then.
You closely miss the iguana.
The iguana is severely wounded.
You block the iguana's attack.
You barely miss the iguana.
The iguana is severely wounded.
You block the iguana's attack. You block the scorpion's attack.
The iguana misses you. The iguana attacks as you move away!
The iguana barely misses you. The scorpion stings you.
You die...

.............#.......
.##.....##.....(.##..
#...........#.#.#......
..#.#.#...#.#.#...#.#.#..
......#.#.#........
..##.......##.....#
........#..........
##.#....#....#.###.
........#.@.......
...##....ls.##.... .
.....#.#.#.......
...#.#.#5JY#.#.#...
.#.#...........# #.
#....##.....##..
#...............
#....#.###.#....#
#...............#


You could see an ice beast, a scorpion, an iguana and a jelly.

Vanquished Creatures
  A black bear (D:4)
  The ghost of Lutefisk the Insei, an amateur OpTm (D:3)
  3 phantoms (D:4)
  2 jellies (D:5)
  An orc priest (D:4)
  An orc wizard (D:4)
  Terence (D:3)
  A howler monkey zombie (D:3)
  Robin (D:4)
  A gnoll (D:2)
  6 adders
  2 white imps (D:5)
  2 ufetubi (D:4)
  A worm (D:2)
  6 orcs (D:4)
  4 bats
  5 endoplasms
  3 giant cockroaches
  17 goblins
  9 hobgoblins
  9 jackals
  A quokka (D:3)
  3 ball pythons
  A ball python zombie (D:3)
  4 frilled lizards
  2 kobolds
  3 rats
91 creatures vanquished.

Vanquished Creatures (others)
  2 fungi (D:2)
  6 plants (D:2)
8 creatures vanquished.

Grand Total: 99 creatures vanquished

Notes
Turn   | Place    | Note
-------+----------+-------------------------------------------
     0 | D:1      | sanboga the Gnoll Monk began the quest for the Orb.
     0 | D:1      | Reached XP level 1. HP: 23/23 MP: 1/1
    10 | D:1      | Noticed a bullfrog
   278 | D:1      | Reached XP level 2. HP: 24/29 MP: 2/2
  1457 | D:2      | Reached XP level 3. HP: 35/35 MP: 2/4
  1518 | D:2      | Reached skill level 1 in Invocations
  1585 | D:2      | Found a faded altar of an unknown god.
  1759 | D:2      | Reached skill level 1 in Short Blades
  1759 | D:2      | Reached skill level 1 in Long Blades
  1759 | D:2      | Reached skill level 1 in Axes
  1759 | D:2      | Reached skill level 1 in Polearms
  1759 | D:2      | Reached skill level 1 in Staves
  1759 | D:2      | Reached skill level 1 in Ranged Weapons
  1759 | D:2      | Reached skill level 1 in Throwing
  1759 | D:2      | Reached skill level 1 in Armour
  1759 | D:2      | Reached skill level 1 in Shields
  1759 | D:2      | Reached skill level 1 in Unarmed Combat
  1759 | D:2      | Reached skill level 1 in Spellcasting
  1759 | D:2      | Reached skill level 1 in Evocations
  1959 | D:2      | Reached XP level 4. HP: 24/41 MP: 5/5
  2460 | D:3      | Noticed Terence
  2467 | D:3      | Killed Terence
  2468 | D:3      | Reached skill level 1 in Conjurations
  2468 | D:3      | Reached skill level 1 in Hexes
  2468 | D:3      | Reached skill level 1 in Summonings
  2468 | D:3      | Reached skill level 1 in Necromancy
  2468 | D:3      | Reached skill level 1 in Translocations
  2468 | D:3      | Reached skill level 1 in Transmutations
  2468 | D:3      | Reached skill level 1 in Fire Magic
  2468 | D:3      | Reached skill level 1 in Ice Magic
  2468 | D:3      | Reached skill level 1 in Air Magic
  2468 | D:3      | Reached skill level 1 in Earth Magic
  2468 | D:3      | Reached skill level 1 in Poison Magic
  2808 | D:3      | Found a runed translucent gate.
  2808 | D:3      | Found a runed translucent gate.
  2808 | D:3      | Found a runed translucent gate.
  2808 | D:3      | Noticed Lutefisk's ghost (amateur OpTm)
  2810 | D:3      | Found a basalt altar of Yredelemnul.
  3353 | D:3      | Reached XP level 5. HP: 47/47 MP: 7/7
  3421 | D:3      | Killed Lutefisk's ghost
  3620 | D:4      | Found Gatuab's Antique Weapon Boutique.
  3655 | D:4      | Bought a runed flail for 156 gold pieces
  3706 | D:4      | Noticed a phantom
  3718 | D:4      | Killed a phantom
  3719 | D:4      | Reached XP level 6. HP: 41/53 MP: 8/8
  3833 | D:4      | Noticed a black bear
  3845 | D:4      | Killed a black bear
  3859 | D:4      | Reached XP level 7. HP: 32/60 MP: 10/10
  4318 | D:4      | Noticed Robin
  4355 | D:4      | Killed Robin
  4736 | D:4      | Reached skill level 5 in Stealth
  5081 | D:5      | Entered Level 5 of the Dungeon
  5107 | D:5      | Identified the amulet of Jarokh {Reflect rPois Int+5 Dex+4
                  | Slay-2 SH+5}
  5479 | D:5      | HP: 1/60 [white imp/puff of frost (5)]
  5486 | D:5      | Slain by a scorpion

Illustrated notes

Levels and vault maps discovered:
D:1:      evilmike_arrival_come_back, layout_loops_ring,
          chequers_serial_rivers_micro_d, kennysheep_pointless_box
D:2:      layout_loops_cross, dreamdust_ecumenical_altar_hidden_monk_grotto,
          cheibrodos_gnoll_hut
D:3:      layout_basic, nicolae_yredelemnul_ghost_church, supply_closet_lemuel,
          uniq_terence
D:4:      layout_basic, serial_shops, nicolae_shop_window_shopping, uniq_robin
D:5:      nicolae_cairo_tiling_large_dashed, layout_loops_ring

Skill      XL: |  1  2  3  4  5  6  7 |
---------------+----------------------+-----
Invocations    | 1 2 3 |  3.1
Short Blades   | 1 2 |  2.8
Long Blades    | 1 2 |  2.8
Axes           | 1 2 |  2.8
Polearms       | 1 2 |  2.8
Staves         | 1 2 |  2.8
Ranged Weapons | 1 2 |  2.8
Throwing       | 1 2 |  2.8
Armour         | 1 2 |  2.8
Shields        | 1 2 |  2.8
Unarmed Combat | 1 2 |  2.8
Spellcasting   | 1 2 |  2.8
Evocations     | 1 2 |  2.8
Conjurations   | 1 2 |  2.2
Hexes          | 1 2 |  2.2
Summonings     | 1 2 |  2.2
Necromancy     | 1 2 |  2.2
Translocations | 1 2 |  2.2
Transmutations | 1 2 |  2.2
Fire Magic     | 1 2 |  2.2
Ice Magic      | 1 2 |  2.2
Air Magic      | 1 2 |  2.2
Earth Magic    | 1 2 |  2.2
Poison Magic   | 1 2 |  2.2
Fighting       | 7 |  7.1
Maces & Flails | 7 |  7.1
Dodging        | 7 |  7.1
Stealth        | 5 |  5.1

Action                   |  1- 3 |  4- 6 |  7- 9 || total
-------------------------+-------+-------+-------++-------
Melee: Mace              |    90 |    86 |       ||   176
       Bite              |     9 |    18 |    19 ||    46
       Flail             |       |    29 |   168 ||   197
       Punch             |       |     1 |     3 ||     4
  Use: Scroll            |       |       |     6 ||     6
 Stab: Sleeping          |     8 |     5 |     3 ||    16
       Distracted        |       |     1 |       ||     1
Armor: Robe              |    15 |    29 |    39 ||    83
Dodge: Dodged            |    67 |    95 |   176 ||   338
Block: Other             |       |       |    16 ||    16
